 Dungeon Crawl Stone Soup version 0.31-a0-175-g9f7f995f2b (webtiles) character file.

Game seed: 11516653919070389342

56 qw the Shooter (level 3, -5/23 HPs)
             Began as a Gargoyle Hunter on June 16, 2023.
             Slain by Terence
             ... wielding the +7 Throatcutter {drain, coup de grace}
              (13 damage)
             ... on level 2 of the Dungeon.
             The game lasted 00:00:28 (1688 turns).

qw the Shooter (Gargoyle Hunter)                    Turns: 1688, Time: 00:00:29

Health: -5/23      AC:  6    Str: 14    XL:     3   Next: 95%
Magic:  3/3        EV: 11    Int:  9    God:
Gold:   114        SH:  0    Dex: 15    Spells: 2/2 levels left

rFire   . . .        Y - +0 shortbow
rCold   . . .        (shield currently unavailable)
rNeg    + . .        c - +0 leather armour
rPois   inf          (no helmet)
rElec   +            (no cloak)
rCorr   .            (no gloves)
SInv    .            (no boots)
Will    .....        (no amulet)
Stlth   ++           (no ring)
HPRegen 0.23/turn    (no ring)
MPRegen 0.08/turn

%: no passive effects
@: no status effects
A: sickness immunity, AC +3, negative energy resistance 1, electricity
resistance, torment resistance 1, petrification resistance
a: no special abilities


You were on level 2 of the Dungeon.
You visited 1 branch of the dungeon, and saw 2 of its levels.

You collected 114 gold pieces.


Innate Abilities, Weirdness & Mutations

You are immune to sickness and miasma.
Your stone body is resilient. (AC +3)
You are immune to poison.
You resist negative energy. (rN+)
You are resistant to electric shocks. (rElec)
You are resistant to unholy torment.
You are immune to petrification.


   Skills:
 - Level 3.1 Fighting
 + Level 5.0 Ranged Weapons
 - Level 1.5 Dodging
 - Level 1.1 Stealth


You had 2 spell levels left.
You didn't know any spells.
Your spell library was empty.

Inventory:

Hand Weapons
 Y - a +0 shortbow (weapon)
Armour
 c - a +0 leather armour (worn)
 g - a +0 ring mail
Scrolls
 b - a scroll of blinking {unknown}
 f - a scroll of revelation {unknown}
 h - a scroll of torment {unknown}
Potions
 a - a potion of enlightenment {unknown}
 d - a potion of curing {unknown}
 e - a potion of mutation {unknown}

Dungeon Overview and Level Annotations

Branches:
Dungeon (2/15)

Altars:

Annotations:
D:2 Terence


Message History

Found a robe.
Enter note:
Enter note:
Enter note:
Enter note:
Enter note:
Enter note:
Enter note:
Enter note:
Enter note:
Enter note:
Found a stone staircase leading down.
Enter note:
Enter note:
Enter note:
Enter note:
Enter note:
Enter note:
Enter note:
Enter note:
Enter note:
Enter note: Terence the Incautious comes into view.
He is wielding the +7 Throatcutter {drain, coup de grace}.
You shoot an arrow.
The arrow hits Terence but does no damage.
Terence drinks a potion.
Terence flickers and vanishes!
Deactivating autopickup; reactivate with Ctrl-A.
You shoot an arrow. You shoot an arrow. You shoot an arrow. You shoot an arrow.
You shoot an arrow. You shoot an arrow. Something hits you. x2
You shoot an arrow. Something hits you.
You shoot an arrow. Something hits you!
Ouch! That really hurt!
You die...

######.#...........'.'.
...................###.
###########...#.###########.
#.........#.#.#.# #....
#...........#.#.# #....
#..######...#.#+########....
#..# ......#..........#....
#..#.#####>............#....
#..#......{@...........#....
#..#########..#....#...#....
####.............#....#...#....
#.##.#######....##....#########
#..#.#...........#.........#
#..#.#.........#...........#
#..#..........###..........####
#..#....##.....................
#..#....##)........#..####.....


There were no monsters in sight!

Vanquished Creatures
  An adder (D:2)
  A worm (D:2)
  2 dart slugs (D:2)
  2 ball pythons
  3 bats
  3 endoplasms
  A giant cockroach (D:1)
  4 goblins (D:1)
  5 hobgoblins
  4 quokkas
  4 frilled lizards
  5 kobolds
  2 rats
37 creatures vanquished.

Notes
Turn   | Place    | Note
-------+----------+-------------------------------------------
     0 | D:1      | qw the Gargoyle Hunter began the quest for the Orb.
     0 | D:1      | Reached XP level 1. HP: 12/12 MP: 1/1
     0 | D:1      | 0 ||| qw: Version: 0.2-a-29-g511e9b1
     0 | D:1      | 0 ||| qw: Game counter: 5730
     0 | D:1      | 0 ||| qw: Always use a shield: true
     0 | D:1      | 0 ||| qw: God list: Okawaru
     0 | D:1      | 0 ||| qw: Allow faded altars: false
     0 | D:1      | 0 ||| qw: Do Orc after D:15 true
     0 | D:1      | 0 ||| qw: Do second Lair branch before Depths: true
     0 | D:1      | 0 ||| qw: Lair rune preference: random
     0 | D:1      | 0 ||| qw: Plans: Normal, Zot:1-4, Slime:5, God:TSO, Crypt,
                  | Tomb, Abyss, Pan, Hells, Win
     0 | D:1      | 0 ||| PLANNING D:1-11
   146 | D:1      | Reached XP level 2. HP: 17/17 MP: 2/2
   595 | D:1      | HP: 4/17 [hobgoblin (1)]
   598 | D:1      | Reached XP level 3. HP: 5/21 MP: 3/3
   925 | D:1      | 925 ||| READING scroll labelled ETHRAA UGEREYCU.
   926 | D:1      | 926 ||| READING scroll labelled QUCOARR SATAE.
   927 | D:1      | 927 ||| DROPPING scroll of butterflies.
  1044 | D:2      | Reached skill level 5 in Ranged Weapons
  1077 | D:2      | Identified the +9 dagger "Ocastruk" {freeze, rCorr}
  1394 | D:2      | Reached skill level 3 in Fighting
  1679 | D:2      | Noticed Terence
  1688 | D:2      | Slain by Terence

Levels and vault maps discovered:
D:1:      amcnicky_arrival_abandoned_market, layout_basic, serial_forest,
          infiniplex_forest_split, infiniplex_forest_clump_small,
          infiniplex_forest_clump_small, infiniplex_forest_lined_room_,
          infiniplex_forest_zigzag_1, infiniplex_forest_clump_double,
          infiniplex_forest_lined_1, infiniplex_forest_join
D:2:      layout_basic, minmay_quantized, uniq_terence

Skill      XL: |  1  2  3 |
---------------+----------+-----
Ranged Weapons | 5 |  5.0
Fighting       | 3 |  3.1
Dodging        | |  1.5
Stealth        | |  1.1

Action                     || total
---------------------------++-------
   Fire: Shortbow          ||   104
    Use: Scroll            ||     2
 Armour: Leather armour    ||    19
  Dodge: Dodged            ||    32

Table legend:
 A = Non-vault XP
 B = Vault XP
 C = Vault XP percentage of total XP
 D = Non-vault monster count
 E = Vault monster count
 F = Vault count percentage of total count
                 A         B        C        D         E       F
            +---------+---------+-------+---------+---------+-------
      Total |      76 |       4 |   5.0 |      34 |       3 |   8.1
            +---------+---------+-------+---------+---------+-------
        D:1 |      37 |       0 |   0.0 |      21 |       0 |   0.0
        D:2 |      39 |       4 |   9.3 |      13 |       3 |  18.8
            +---------+---------+-------+---------+---------+-------
